 Dungeon Crawl Stone Soup version 0.19.1 (webtiles) character file.

199 Damokl the Sneak (level 5, 0/24 HPs)
             Began as a Vine Stalker Enchanter on Nov 27, 2016.
             Succumbed to an orc wizard's poison
             ... on level 3 of the Dungeon.
             The game lasted 00:16:51 (2856 turns).

Damokl the Sneak (Vine Stalker Enchanter)           Turns: 2856, Time: 00:16:52

Health: 0/24       AC:  5    Str: 10    XL:     5   Next: 77%
Magic:  2/11       EV: 12    Int: 15    God:
Gold:   140        SH:  0    Dex: 16    Spells: 1 memorised, 9 levels left

rFire  . . .     SeeInvis .     e - +1 dagger (holy)
rCold  . . .     Gourm    .     b - +1 robe
rNeg   . . .     Faith    .     (no shield)
rPois  .         Spirit   +     (no helmet)
rElec  .         Reflect  .     (no cloak)
rCorr  .         Harm     .     (no gloves)
MR     +....                    j - +0 pair of boots
Stlth  +++.......               (no amulet)
                                (no ring)
                                (no ring)

@: lethally poisoned (0 -> -16)
A: fangs 2, rugged brown scales 1, magic resistance 1, regeneration 1, magic
shield, antimagic bite, no device heal 3, rot immunity
a: no special abilities


You were on level 3 of the Dungeon.
You were not hungry.

You visited 1 branch of the dungeon, and saw 3 of its levels.

You collected 140 gold pieces.

Inventory:

Hand Weapons
 a - a +1 dagger
 e - a +1 dagger of holy wrath (weapon)
 h - a +1 dagger of pain
Armour
 b - a +1 robe (worn)
 j - a +0 pair of boots (worn)
Scrolls
 g - a scroll of recharging
 l - 3 scrolls of remove curse
 p - a scroll of enchant weapon
 q - a scroll of identify
Potions
 m - a potion of heal wounds {unknown}
 n - a potion of lignification {unknown}
Books
 c - a book of Maledictions

   Spells                             Type                      Level
   a - Corona                         Hexes                        1
   b - Ensorcelled Hibernation        Hexes/Ice                    2
   c - Confuse                        Hexes                        3
   d - Tukima's Dance                 Hexes                        3
   e - Dazzling Spray                 Conjuration/Hexes            3
Comestibles
 d - 4 bread rations
 f - 2 fruits
 i - a chunk of flesh
 k - 3 meat rations


   Skills:
 - Level 0.8 Short Blades
 - Level 1.5 Dodging
 * Level 6.3 Stealth
 + Level 3.3 Spellcasting
 + Level 4.0 Hexes


You had 9 spell levels left.
You knew the following spells:

 Your Spells              Type           Power        Failure   Level  Hunger
a - Corona                Hex            ##.....      4%          1    None


Dungeon Overview and Level Annotations

Branches:
Dungeon (3/15)

Altars:


Innate Abilities, Weirdness & Mutations

You have extremely sharp teeth.
Your natural rate of healing is unusually fast.
When hurt, damage is shared between your health and your magic reserves.
Your bite disrupts and absorbs the magic of your enemies.
Potions and wands cannot restore your health.
You are immune to rotting.
You are partially covered in rugged brown scales. (AC +1, +3% HP)
You are resistant to hostile enchantments. (MR+)


Message History

You are too injured to fight recklessly!
You barely miss the orc wizard.
The orc wizard is lightly wounded.
* * * LOW HITPOINT WARNING * * *
You feel sick.
The orc wizard hits you with a dagger of venom.
* * * LOW HITPOINT WARNING * * *
You are more poisoned.
As you read the scroll labeled PAOVOPS SUVAX, it crumbles to dust.
The creatures around you are filled with an inner flame!
It was a scroll of immolation.
* * * LOW HITPOINT WARNING * * *
You feel very sick.
The orc wizard hits you but does no damage.
You are more poisoned.
* * * LOW HITPOINT WARNING * * *
You feel sick.
The orc wizard points at you and mumbles some strange words.
The magic dart hits you!
You die...

# #S# #. #[# ..#
#%# #..### #.#
#...### #.# #
#..h.###.#
.###....##.#######
........(.....o..#
##......########@#
#....%.# #(.#
##......# ##.#
......### ..
..##### #.# ..# ..
..# #.# #.# .# ..#


You could see an orc wizard (inner flame).

Vanquished Creatures
  A hound (D:3)
  An orc priest (D:3)
  4 gnolls
  2 adders (D:2)
  2 worms
  4 dart slugs
  A leopard gecko (D:2)
  7 orcs
  A giant cockroach (D:1)
  5 goblins
  8 hobgoblins
  11 bats
  3 frilled lizards
  9 kobolds
  11 rats
70 creatures vanquished.

Notes
Turn   | Place    | Note
-------+----------+-------------------------------------------
     0 | D:1      | Damokl the Vine Stalker Enchanter began the quest for the Orb.
     0 | D:1      | Reached XP level 1. HP: 9/9 MP: 4/4
    73 | D:1      | Reached skill level 4 in Stealth
    82 | D:1      | Reached XP level 2. HP: 2/13 MP: 0/6
   768 | D:1      | Reached XP level 3. HP: 16/16 MP: 7/7
  1182 | D:2      | Gained mutation: You are resistant to hostile enchantments. (MR+) [potion of beneficial mutation]
  1192 | D:2      | Gained mutation: You are partially covered in rugged brown scales. (AC +1, +3% HP) [potion of beneficial mutation]
  1572 | D:1      | Gained mutation: Your natural rate of healing is unusually fast. [Vine Stalker growth]
  1572 | D:1      | Reached XP level 4. HP: 6/21 MP: 4/9
  1657 | D:1      | Reached skill level 5 in Stealth
  2269 | D:3      | Reached XP level 5. HP: 23/24 MP: 10/10
  2446 | D:2      | HP: 1/24 [poisoned by an adder]
  2523 | D:2      | Reached skill level 6 in Stealth
  2855 | D:3      | HP: 1/24 [poisoned by an orc wizard]
  2856 | D:3      | Succumbed to an orc wizard's poison

Skill      XL: |  1  2  3  4  5 |
---------------+----------------+-----
Stealth        | 4 5 6 |  6.3
Spellcasting   | 3 |  3.3
Hexes          | 4 |  4.0
Short Blades   | |  0.8
Dodging        | |  1.5

Action                   |  1- 3 |  4- 6 || total
-------------------------+-------+-------++-------
Melee: Dagger            |    95 |   164 ||   259
       Bite              |    25 |    33 ||    58
 Cast: Corona            |     2 |     5 ||     7
  Use: Scroll            |     4 |     4 ||     8
       Potion            |     2 |     1 ||     3
 Stab: Sleeping          |    12 |     2 ||    14
  Eat: Chunk             |     2 |     3 ||     5
       Fruit             |     1 |     1 ||     2
Armor: Robe              |    14 |    51 ||    65
Dodge: Dodged            |    47 |   126 ||   173
